 Dungeon Crawl Stone Soup version 0.26-a0-639-g72c4674329 (webtiles) character file.

Game seed: 4054320087902821983

138 Colgate the Conjurer (level 5, 42/42 HPs)
             Began as a Naga Conjurer on Sept 15, 2020.
             Quit the game on level 2 of the Dungeon.
             The game lasted 00:11:36 (2197 turns).

Colgate the Conjurer (Naga Conjurer)                Turns: 2197, Time: 00:11:37

Health: 42/42      AC:  2    Str:  9    XL:     5   Next: 21%
Magic:  8/8        EV: 10    Int: 20    God:
Gold:   85         SH:  0    Dex:  9    Spells: 2/8 levels left

rFire    . . .     SeeInvis +   h - +0 mace
rCold    . . .     Faith    .   (no shield)
rNeg     . . .     Spirit   .   a - +0 robe
rPois    +         Reflect  .   (no helmet)
rElec    .         Harm     .   (no cloak)
rCorr    .         Rampage  .   (no gloves)
MR       .....                  (no barding)
Stlth    +.........             (no amulet)
HPRegen  0.14/turn              e - ring of flight (curse)
MPRegen  0.11/turn              v - ring of attention (curse)

@: very slow
A: large, see invisible, deformed body, poison resistance, slowness 2, spit
poison 1, AC +1
a: Spit Poison, Evoke Flight


You were on level 2 of the Dungeon.
You visited 1 branch of the dungeon, and saw 2 of its levels.

You collected 85 gold pieces.

Inventory:

Hand Weapons
 h - a +0 mace (weapon)
 t - a +0 shortbow
Missiles
 d - 32 sling bullets
 g - 36 stones (quivered)
 q - 59 arrows
 s - 20 poisoned darts
Armour
 a - a +0 robe (worn)
Jewellery
 e - a cursed ring of flight (left hand)
 j - an uncursed ring of wizardry
 v - a cursed ring of attention (right hand)
Scrolls
 b - 3 scrolls of teleportation
 f - a scroll of amnesia {unknown}
 m - a scroll of identify {unknown}
 n - a scroll of enchant armour {unknown}
 o - a scroll of blinking {unknown}
 p - a scroll of fear {unknown}
 r - a scroll of remove curse {unknown}
 u - a scroll of random uselessness {unknown}
Potions
 c - a potion of brilliance {unknown}
 i - a potion of curing {unknown}
 k - a potion of lignification {unknown}
 l - a potion of ambrosia {unknown}


   Skills:
 - Level 1.5 Dodging
 - Level 3.0 Stealth
 - Level 2.0 Spellcasting
 + Level 6.3 Conjurations


You had 2 spell levels left.
You knew the following spells:

 Your Spells              Type           Power        Failure   Level
a - Magic Dart            Conj           ####         1%          1
b - Searing Ray           Conj           ####..       1%          2
c - Dazzling Flash        Conj/Hex       ##....       13%         3

Your spell library contained the following spells:

 Spells                   Type           Power        Failure   Level
 Fulminant Prism          Conj/Hex       ##........   38%         4
 Iskenderun's Mystic Bla  Conj/Tloc      ##......     38%         4


Dungeon Overview and Level Annotations

Branches:
Dungeon (2/15)

Altars:
Trog
Wu Jian


Innate Abilities, Weirdness & Mutations

You cannot wear boots.
Your serpentine skin is tough. (AC +1)
You have supernaturally acute eyesight. (SInv)
Armour fits poorly on your strangely shaped body.
Your system is resistant to poisons. (rPois)
You cover ground very slowly.
You can spit poison.


Message History

A quokka comes into view.
Press: ? - help, Shift-Dir - straight line, f - quokka
Aim: a quokka The splash of poison hits the quokka.
The quokka is poisoned.
The quokka is heavily wounded.
Casting: Searing Ray (safe; 1% risk of failure)
Confirm with . or Enter, or press ? or * to list all spells.
Aiming: Searing Ray (safe; 1% risk of failure)
Press: ? - help, Shift-Dir - straight line, f/p - quokka
Aim: a quokka (severely wounded, poisoned)
The searing ray hits the quokka!
You kill the quokka! (Press . to maintain the ray.)
You have got your breath back.
v - a copper ring You remove your ring of wizardry.
Oops, that ring feels deathly cold.
v - a cursed ring of attention (right hand)
Okay, then.
Are you sure you want to abandon this character and quit the game? (Confirm with "yes".)

#<...# #.....#...S..
#####.#..###. ##
#####.#..# ..
.........############
....................
#######...######........
............####........
.......@................
............####........
#....######## #........
#... #........ #..
#........ #. #........ .
######### .


There were no monsters in sight!

Vanquished Creatures
  A centaur (D:2)
  3 adders (D:2)
  An ooze (D:1)
  A dart slug (D:1)
  A worm (D:2)
  A leopard gecko (D:1)
  A ball python (D:2)
  3 bats
  A giant cockroach (D:1)
  6 goblins
  A hobgoblin (D:1)
  A quokka (D:2)
  2 kobolds (D:2)
  3 rats
26 creatures vanquished.

Notes
Turn   | Place    | Note
-------+----------+-------------------------------------------
     0 | D:1      | Colgate the Naga Conjurer began the quest for the Orb.
     0 | D:1      | Reached XP level 1. HP: 15/15 MP: 3/3
   378 | D:1      | Reached XP level 2. HP: 2/22 MP: 5/5
   382 | D:1      | Learned a level 2 spell: Searing Ray
  1310 | D:2      | Reached skill level 5 in Conjurations
  1310 | D:2      | Reached XP level 3. HP: 19/28 MP: 3/6
  1315 | D:2      | Learned a level 3 spell: Dazzling Flash
  1825 | D:2      | Reached XP level 4. HP: 36/36 MP: 4/7
  1858 | D:2      | Noticed a centaur
  1866 | D:2      | Killed a centaur
  1866 | D:2      | Reached skill level 6 in Conjurations
  1866 | D:2      | Reached XP level 5. HP: 23/42 MP: 4/8
  2121 | D:2      | Found an ornate altar of the Wu Jian Council.
  2145 | D:2      | Found a bloodstained altar of Trog.
  2197 | D:2      | Quit the game

Illustrated notes

Levels and vault maps discovered:
D:1:      evilmike_arrival_crescent, layout_loops_corners
D:2:      minmay_skewed_foursquare, layout_basic, lemuel_crystal_altar,
          lemuel_crystal_altar

Skill      XL: |  1  2  3  4 |
---------------+-------------+-----
Conjurations   | 5 6 |  6.3
Dodging        | |  1.5
Stealth        | |  3.0
Spellcasting   | |  2.0

Action                   |  1- 3 |  4- 6 || total
-------------------------+-------+-------++-------
Melee: Mace              |    13 |     1 ||    14
Throw: Stone             |     2 |       ||     2
 Cast: Magic Dart        |    11 |     2 ||    13
       Searing Ray       |    12 |     3 ||    15
 Abil: Spit Poison       |    16 |     4 ||    20
  Use: Scroll            |       |     1 ||     1
 Stab: Sleeping          |     3 |     1 ||     4
Armor: Robe              |     5 |       ||     5
Dodge: Dodged            |    17 |     2 ||    19

Table legend: (Time is in decaauts)
 A = Elapsed time spent in this place.
 B = Non-inter-level travel time spent in this place.
 C = Inter-level travel time spent in this place.
 D = Time resting spent in this place.
 E = Time spent auto-exploring this place.
 F = Levels seen in this place.
 G = Mean time per level.
                   A        B        C        D        E       F      G
               +--------+--------+--------+--------+--------+-----+--------+
         Total |   2677 |   2591 |     86 |     12 |   2272 |   2 | 1338.5 |
       Dungeon |   2677 |   2591 |     86 |     12 |   2272 |   2 | 1338.5 |
               +--------+--------+--------+--------+--------+-----+--------+

Top non-repeatable levels by time:
     D:1: 1706 daAuts
     D:2: 971 daAuts
